 Dungeon Crawl Stone Soup version 0.16-a0-2898-gc475c69 (webtiles) character file.

91 Conn321 the Bolt Thrower (level 4, -2/26 HPs)
             Began as a Kobold Hunter on Dec 1, 2014.
             Was a Plaything of Xom.
             Slain by Purgy (3 damage)
             ... in a sewer.
             The game lasted 00:11:36 (2165 turns).

Conn321 the Bolt Thrower (Kobold Hunter)            Turns: 2165, Time: 00:11:38

Health: -2/26      AC:  5    Str: 16    XL:     4   Next: 88%
Magic:  4/4        EV: 14    Int:  9    God:    Xom [......]
Gold:   127        SH:  0    Dex: 16    Spells: 0 memorised, 3 levels left

rFire  . . .     SeeInvis .     a - +0 short sword
rCold  . . .     Clarity  .     d - +0 leather armour
rNeg   . . .     SustAb   .     (no shield)
rPois  .         Gourm    .     l - +1 helmet
rElec  .         Spirit   .     (no cloak)
rCorr  .         Warding  .     (no gloves)
rMut   .         Stasis   .     (no boots)
MR     .....                    (no amulet)
Stlth  +.........               (no ring)
                                (no ring)

@: mighty, not resistant to hostile enchantments, very unstealthy
A: carnivore 3
a: Renounce Religion


You were in a sewer.
You worshipped Xom.
You were a very special plaything of Xom.
You were not hungry.

You visited 1 branch of the dungeon, and saw 3 of its levels.
You also visited: Sewer.

You collected 127 gold pieces.

Inventory:

Hand weapons
 a - a +0 short sword (weapon)
 b - a +2 hunting sling of evasion
 u - a +1 hand crossbow
Missiles
 c - 26 bolts
 o - 15 bolts of flame
 q - 4 sling bullets
 r - 140 stones (quivered)
 t - 7 arrows
 w - 4 tomahawks
Armour
 d - a +0 leather armour (worn)
 l - a +1 helmet (worn)
Scrolls
 e - 2 scrolls of remove curse
 h - a scroll of amnesia
 i - 6 scrolls of identify
 j - a scroll of enchant armour
 n - a scroll of enchant weapon
Potions
 m - a potion of restore abilities
 x - a potion of poison
 z - a potion of might
Comestibles
 f - 5 meat rations
 s - 3 beef jerkies
 v - a slice of pizza


   Skills:
 + Level 2.1 Fighting
 + Level 2.1 Slings
 + Level 6.1 Crossbows
 + Level 1.0 Armour
 + Level 2.6 Dodging
 + Level 1.9 Stealth


You had 3 spell levels left.
You didn't know any spells.

Dungeon Overview and Level Annotations

Branches:
Dungeon (3/15)

Altars:
Trog
Xom

Annotations:
Sewer Purgy


Innate Abilities, Weirdness & Mutations

You are small and have problems with some larger weapons.
You are carnivorous and can eat meat at any time.


Message History

* * * LOW HITPOINT WARNING * * *
You feel sick.
Purgy hisses menacingly.
Purgy misses you. Purgy barely misses you. Purgy misses you.
Drink which item? (? for menu, Esc to quit)
You feel better. Purgy closely misses you. Purgy barely misses you.
Purgy claws you but does no damage.
Drink which item? (? for menu, Esc to quit)
You feel very mighty all of a sudden.
It was a potion of might.
Purgy misses you. Purgy claws you but does no damage. Purgy claws you.
You feel like more of a target.
a - a +0 short sword (weapon)
Your unstable footing causes you to fumble your attack.
Purgy bites you. Purgy completely misses you. Purgy closely misses you.
Purgy bites you!
* * * LOW HITPOINT WARNING * * *
Purgy claws you but does no damage. Purgy claws you.
You die...
Xom howls with laughter!

### #≈###≈#≈#≈
≈≈≈≈#≈≈≈≈≈≈≈
≈≈≈≈≈≈≈≈≈≈≈≈≈≈
≈≈≈≈≈≈≈≈≈≈≈≈≈≈≈≈
≈≈≈≈≈≈≈≈≈≈≈≈≈≈≈≈≈
≈≈≈≈≈≈≈≈≈≈≈≈≈≈≈≈≈≈
≈≈≈≈≈≈≈≈≈≈≈≈≈≈≈≈≈≈≈≈
≈≈≈≈≈≈≈≈≈≈≈≈@T.≈≈≈≈≈≈
≈≈≈≈≈≈≈≈≈≈≈≈###(≈≈≈≈≈≈
≈≈≈≈≈≈≈≈≈≈≈≈## ..≈≈≈
#≈≈≈≈≈≈≈≈≈≈≈≈.# ..≈≈
#≈≈≈≈≈≈≈≈≈≈≈≈### #.≈
≈≈≈≈≈≈≈≈≈.≈..#
≈≈≈≈≈≈≈≈≈.≈..#
##≈≈≈≈≈≈≈#.###
#≈≈≈≈≈≈≈####


You could see Purgy.

Vanquished Creatures
  4 adders
  A giant mite (D:3)
  A worm (D:3)
  3 bats
  3 giant cockroaches
  3 hobgoblins
  A ball python (Sewer)
  4 giant newts
  9 goblins
  3 jackals (D:2)
  10 kobolds
  A quokka (D:3)
  8 rats
51 creatures vanquished.

Notes
Turn   | Place    | Note
--------------------------------------------------------------
     0 | D:1      | Conn321, the Kobold Hunter, began the quest for the Orb.
     0 | D:1      | Reached XP level 1. HP: 12/12 MP: 1/1
   120 | D:1      | Reached skill level 5 in Crossbows
   271 | D:1      | Reached XP level 2. HP: 17/17 MP: 2/2
   795 | D:2      | Found a shimmering altar of Xom.
   801 | D:2      | Found a shimmering altar of Xom.
   803 | D:2      | Became a worshipper of Xom of Unknown Intention
   804 | D:2      | Found a shimmering altar of Xom.
   804 | D:2      | Found a shimmering altar of Xom.
   861 | D:2      | XOM: harmless Conj miscast
   897 | D:2      | Found a bloodstained altar of Trog.
   959 | D:2      | Reached XP level 3. HP: 21/21 MP: 3/3
  1006 | D:2      | XOM: silly message
  1143 | D:2      | XOM: mild Ice miscast
  1164 | D:2      | Reached skill level 6 in Crossbows
  1617 | D:3      | Reached XP level 4. HP: 26/26 MP: 4/4
  1667 | D:3      | Reached skill level 1 in Slings
  1841 | D:3      | XOM is BORED!
  1841 | D:3      | XOM: medium Erth miscast
  1976 | D:3      | Found a glowing drain.
  1981 | D:3      | XOM: chaos cloud
  1984 | Sewer    | Entered a sewer
  1993 | Sewer    | Reached skill level 1 in Armour
  2030 | Sewer    | XOM: silly message
  2146 | Sewer    | Noticed Purgy
  2157 | Sewer    | XOM: noise
  2165 | Sewer    | HP: 1/26 [Purgy (8)]
  2165 | Sewer    | Slain by Purgy

Action                   |  1- 3 |  4- 6 || total
-------------------------+-------+-------++-------
Melee: Short sword       |       |     1 ||     1
 Fire: Hand crossbow     |    32 |       ||    32
       Hunting sling     |    53 |    50 ||   103
  Use: Scroll            |     1 |     5 ||     6
       Potion            |     1 |     4 ||     5
  Eat: Chunk             |     3 |     5 ||     8
